[Event "FIDE WSCC 50 2022"]
[Site "Assisi"]
[Date "2022.11.24"]
[Round "9.1"]
[White "Sturua, Zurab"]
[Black "Morovic Fernandez, Ivan"]
[Result "1-0"]
[ECO "D31"]
[WhiteElo "2522"]
[BlackElo "2480"]
[Annotator "TA"]
[PlyCount "77"]
[EventDate "2022.11.14"]
[EventType "swiss"]
[EventCountry "ITA"]
[SourceTitle "playchess.com"]
[Source "ChessBase"]
[SourceQuality "1"]
[TimeControl "40/5400+30:1800+30"]

1. c4 e6 2. Nc3 d5 3. d4 Be7 4. cxd5 exd5 5. Bf4 c6 6. Qc2 Bd6 7. Bxd6 {[%emt 0:04:37] D31: Queen's Gambit Declined: Semi-Slav without ...Nf6 (+ Marshall Gambit and Noteboom) and Exchange Variation lines without ...Nf6.} Qxd6 8. e3 Ne7 9. Bd3 {[%emt 0:00:38] White is slightly better.} g6 10. f3 Nf5 {[%emt 0:00:34] [#]} 11. Qd2 $146 ({Predecessor:} 11. Bxf5 Bxf5 12. e4 dxe4 13. fxe4 Bg4 14. h3 Qg3+ 15. Qf2 Qxf2+ 16. Kxf2 Be6 17. Nf3 {1-0 (29) Mekhitarian,K (2560)-Umetsubo,C (2379) Cuiaba 2021}) 11... Be6 12. Nge2 Nd7 13. O-O O-O 14. Bc2 Nb6 15. b3 {[%emt 0:00:18] Against Nc4} (15. Bxf5 {seems wilder.} Nc4 16. Qd3 Bxf5 17. e4) 15... Ng7 16. Rad1 Rae8 17. e4 f6 18. Ng3 dxe4 19. fxe4 Bg4 20. Nce2 Rd8 (20... Nh5 $11) 21. Qa5 (21. h3 $14 Bxe2 22. Nxe2) 21... Nd7 (21... f5 $11 {deserves consideration.}) 22. Rd2 b6 23. Qc3 (23. Qxa7 $2 Ra8 24. Qb7 Rfb8 $19) 23... c5 {[%emt 0:00:38] Against b4} 24. Nf4 cxd4 (24... Ne5 $5 ) 25. Rxd4 Qe5 {[%emt 0:02:42] [#]} (25... Qc5 $14 26. Qxc5 Nxc5) 26. Qd2 $1 $16 Rc8 ({Black should try} 26... Qe8) 27. Bd1 (27. Rxd7 $2 Bxd7 28. Bd3 b5 $19) 27... Bxd1 28. Rxd7 (28. Rxd1 $6 Nc5 $14) 28... Bg4 29. Rxa7 {[%emt 0:01:26] White is more active.} Rcd8 (29... Be6 $16 {was called for.} 30. Qb4 Rf7 31. Qxb6 Rxa7 32. Qxa7 Bf7) 30. Nd5 $18 f5 $2 (30... Kh8 {is a better chance.} 31. a4 (31. Qh6 Bd7 $18) 31... Bd7 32. Nxf6 (32. Nxb6 Bxa4 33. Qh6 Qd4+ 34. Kh1 Bd7 $16) (32. Qh6 f5 $18) 32... Rxf6) 31. Re7 {[%emt 0:03:34] White is clearly winning.} Qd6 32. Qh6 {[%emt 0:00:39][%csl Ge7][%cal Rh6g7] [#] Against f4} Rf7 33. Rxf7 Kxf7 34. Qxh7 {[%emt 0:00:24][%cal Oe4f5] Hoping for exf5!} Qe5 35. Nf4 ({Less strong is} 35. Nxb6 Rd1 36. Rxd1 Bxd1 $16) 35... Rd6 36. h3 {[%emt 0:00:50] Against g5} Qc5+ 37. Kh2 Bd1 38. exf5 gxf5 39. Nfh5 {[%emt 0:00:28] Weighted Error Value: White=0.08 (flawless) /Black=0.51} 1-0

[Event "FIDE WSCC 50 2022"]
[Site "Assisi"]
[Date "2022.11.24"]
[Round "9.2"]
[White "Holzke, Frank"]
[Black "Bellia, Fabrizio"]
[Result "1/2-1/2"]
[ECO "E20"]
[WhiteElo "2476"]
[BlackElo "2398"]
[Annotator "TA"]
[PlyCount "57"]
[EventDate "2022.11.14"]
[EventType "swiss"]
[EventCountry "ITA"]
[SourceTitle "playchess.com"]
[Source "ChessBase"]
[SourceQuality "1"]
[TimeControl "40/5400+30:1800+30"]

1. d4 Nf6 2. c4 e6 3. Nc3 Bb4 4. f3 c5 5. d5 d6 6. e4 O-O 7. Nge2 Re8 {[%emt 0:00:25] E20: Nimzo-Indian: 4 g3 and 4 f3.} 8. Nf4 b5 {[%emt 0:04:15] [#]} 9. a4 $146 ({Predecessor:} 9. cxb5 e5 10. Nd3 Ba5 11. Be2 a6 12. bxa6 Bxa6 13. O-O c4 14. Nf2 Nbd7 15. g4 {0-1 (42) Suleymanli,A (2537)-Adly,A (2596) Warsaw 2021}) 9... e5 10. Nfe2 bxc4 11. Ng3 {[%emt 0:00:30] Against Nh5} Bxc3+ 12. bxc3 Qa5 13. Qc2 g6 14. Bxc4 Ba6 15. Bxa6 Qxa6 16. c4 Nbd7 17. O-O Rab8 18. Bd2 {[%emt 0:00:39] Prevents Rb4.} Rb7 19. Ra2 Qb6 20. f4 (20. a5 $11 Qb3 21. Qxb3 Rxb3 22. Rc1) 20... Qb3 (20... exf4 $17 21. a5 Qd8 22. Rxf4 h5) 21. fxe5 $11 {[%emt 0:02:11] The position is equal.} Qxc2 22. Rxc2 Rxe5 23. Bc3 Ng4 {[%emt 0:01:01][%cal Og4e3] [#] aiming for ...Ne3!} 24. Bxe5 Ngxe5 25. a5 Rb4 26. Rfc1 Nd3 {[%emt 0:02:47] Pair of Knights!} 27. Rf1 (27. Rd1 $5 Nb2 28. Rb1 $11) 27... N3e5 28. Rfc1 Nd3 29. Rf1 {[%emt 0:00:12] Weighted Error Value: White=0.13 (very precise) /Black=0.10 (very precise)} 1/2-1/2

[Event "FIDE WSCC 50 2022"]
[Site "Assisi"]
[Date "2022.11.24"]
[Round "9.3"]
[White "Lima, Darcy"]
[Black "Nevednichy, Vladislav"]
[Result "1/2-1/2"]
[ECO "E08"]
[WhiteElo "2415"]
[BlackElo "2499"]
[Annotator "TA"]
[PlyCount "64"]
[EventDate "2022.11.14"]
[EventType "swiss"]
[EventCountry "ITA"]
[SourceTitle "playchess.com"]
[Source "ChessBase"]
[SourceQuality "1"]
[TimeControl "40/5400+30:1800+30"]

1. d4 d5 2. Nf3 Nf6 3. c4 e6 4. g3 Bb4+ 5. Bd2 Be7 6. Bg2 O-O 7. O-O c6 8. Qc2 b6 9. Bf4 Bb7 10. Rd1 Nbd7 11. Nc3 Rc8 12. Ne5 Nh5 {[%emt 0:05:17] E08: Closed Catalan: Main Line: 7 Qc2.} 13. cxd5 (13. Bc1 $14) 13... cxd5 $11 {[%emt 0:01:59] The position is equal.} ({But not} 13... Nxf4 14. dxc6 Nxg2 15. cxb7 $16 (15. cxd7 Rc7 $11)) 14. Be3 (14. Nd3 {simplifies} Nxf4 15. Nxf4 Nf6 16. Qb3) 14... Nhf6 {[%emt 0:03:16] [#]} 15. Qd3 $146 ({Predecessor:} 15. f4 a6 16. f5 Nxe5 17. dxe5 Ng4 18. Bd4 Bc5 19. Qd2 Nxe5 20. fxe6 fxe6 21. Qe3 {1-0 (32) Docx,S (2328)-Alienkin,A (2379) Belgium 2012}) 15... a6 16. Rac1 b5 17. Nb1 Nxe5 18. dxe5 Nd7 19. Bd4 Rxc1 20. Rxc1 Qb8 21. f4 Rc8 22. Rxc8+ Qxc8 23. Qc3 {[%emt 0:00:06] Inhibits Qc1+.} Qxc3 24. Nxc3 b4 25. Nd1 f6 26. exf6 gxf6 27. Nf2 Kf7 28. Nd3 a5 29. b3 Bd6 30. Bh3 Ke7 31. Kf2 Ba6 32. Ke1 Bb5 {[%emt 0:06:02] An even fight not without its subleties.   Weighted Error Value: White=0.05 (flawless) /Black=0.01 (flawless)} 1/2-1/2

[Event "FIDE WSCC 50 2022"]
[Site "Assisi"]
[Date "2022.11.24"]
[Round "9.4"]
[White "Pavlovic, Milos"]
[Black "Vinter-Schou, Uffe"]
[Result "1/2-1/2"]
[ECO "A04"]
[WhiteElo "2447"]
[BlackElo "2375"]
[Annotator "TA"]
[PlyCount "52"]
[EventDate "2022.11.14"]
[EventType "swiss"]
[EventCountry "ITA"]
[SourceTitle "playchess.com"]
[Source "ChessBase"]
[SourceQuality "1"]
[TimeControl "40/5400+30:1800+30"]

1. Nf3 c5 2. g3 Nc6 3. Bg2 g6 4. O-O Bg7 5. d3 d6 6. c4 {[%emt 0:00:28] A04: Unusual lines after 1 Nf3 and King's Indian Attack.} Bf5 7. Nc3 Qd7 8. Rb1 {[%emt 0:03:26] The position is equal.} Bh3 9. Bxh3 Qxh3 10. Nd5 {[%emt 0:00:08] [#] Hoping for Nc7+.} Rc8 {[%emt 0:00:30] Against Nc7+} (10... Qd7 $5) 11. b4 b6 {[%emt 0:20:40] [#]} (11... cxb4 {simplifies} 12. Nxb4 Nxb4 13. Rxb4 b6) 12. b5 $146 ({Predecessor:} 12. bxc5 dxc5 13. Bf4 Qd7 14. Qc1 e6 15. Nc3 Nge7 16. Ne4 O-O 17. Bh6 f6 18. Bxg7 Kxg7 {1-0 (65) Ostovic,M (2322)-Horton,J (2023) Trieste 2015}) 12... Nd4 13. Nxd4 Bxd4 14. e3 Bg7 15. Bb2 Kf8 16. Qe2 h5 17. e4 Qd7 18. f4 {[%emt 0:04:46] White is much more active.} e6 {[%emt 0:01:30] Inhibits f5.} 19. Bxg7+ Kxg7 20. Qb2+ f6 21. Ne3 e5 (21... Nh6 $14) 22. Nd5 (22. a4 $16) 22... Rf8 23. Rf3 Ne7 {[%emt 0:02:34] White is slightly better.} 24. Ne3 h4 25. g4 g5 26. f5 Ra8 {[%emt 0:02:21] Weighted Error Value: White=0.09 (flawless) /Black=0.16 (very precise)} 1/2-1/2

[Event "FIDE WSCC 50 2022"]
[Site "Assisi"]
[Date "2022.11.24"]
[Round "9.5"]
[White "Bischoff, Klaus"]
[Black "Paschall, William"]
[Result "1-0"]
[ECO "A50"]
[WhiteElo "2479"]
[BlackElo "2343"]
[Annotator "TA"]
[PlyCount "33"]
[EventDate "2022.11.14"]
[EventType "swiss"]
[EventCountry "ITA"]
[SourceTitle "playchess.com"]
[Source "ChessBase"]
[SourceQuality "1"]
[TimeControl "40/5400+30:1800+30"]

1. d4 Nf6 2. c4 b6 3. f3 Nc6 4. Nc3 Bb7 5. e4 e5 6. d5 {[%emt 0:01:24] A50: Queen's Fianchetto Defence (1 d4 Nf6 2 c4 b6).} Nd4 7. Nge2 Bc5 8. Nxd4 {[%emt 0:01:04] White is slightly better.} Bxd4 {[%emt 0:00:55] [#]} 9. Qc2 $146 ({Predecessor:} 9. Bg5 O-O 10. Qd2 c6 11. Ne2 Bc5 12. b4 Bd6 13. Rc1 cxd5 14. exd5 h6 15. Bh4 {0-1 (29) Parreno Cueto,A (1816)-Draghici Flutur,G (2152) Benidorm 2010}) 9... c6 10. Bd2 a5 11. Bd3 Rc8 12. O-O-O Ba6 13. Kb1 b5 (13... O-O $11) 14. cxb5 $14 cxb5 ({Black should try} 14... Bxb5 $14 15. Nxb5 cxb5) 15. a4 $16 Qb6 (15... d6 $16 {was necessary.} 16. axb5 (16. Bxb5+ Bxb5 17. axb5 Nd7 $11) 16... Bb7) 16. axb5 $18 ({Much less strong is} 16. Bxb5 $6 Bxb5 17. axb5 O-O $14) 16... Bxc3 $2 {[%emt 0:01:07] [#]} (16... Bb7 17. Qb3 d6) 17. bxa6 {[%emt 0:01:44] Weighted Error Value: White=0.08 (flawless) /Black=0.68} 1-0

[Event "FIDE WSCC 50 2022"]
[Site "Assisi"]
[Date "2022.11.24"]
[Round "9.6"]
[White "Antic, Dejan"]
[Black "Jhunjhnuwala, Krishan"]
[Result "1-0"]
[ECO "A57"]
[WhiteElo "2412"]
[BlackElo "2326"]
[Annotator "TA"]
[PlyCount "107"]
[EventDate "2022.11.14"]
[EventType "swiss"]
[EventCountry "ITA"]
[SourceTitle "playchess.com"]
[Source "ChessBase"]
[SourceQuality "1"]
[TimeControl "40/5400+30:1800+30"]

1. d4 Nf6 2. Nf3 g6 3. c4 c5 4. d5 b5 5. cxb5 a6 6. b6 d6 7. Nc3 Nbd7 8. e4 Bg7 9. Be2 O-O 10. O-O Nxb6 11. a4 Rb8 {[%emt 0:02:02] is the legacy move (11...Bg4). A57: Benko/Volga Gambit.} 12. Ra3 {[%emt 0:03:36] [#]} e6 $146 (12... Na8 $11 {remains equal.}) ({Predecessor:} 12... a5 13. Nd2 e6 14. dxe6 Bxe6 15. Nb5 d5 16. exd5 Bxd5 17. b3 Qe7 18. Nc4 Rfd8 {1-0 (25) Fink,S (2153)-Blocker,C (2386) Philadelphia 2007}) 13. dxe6 fxe6 (13... Bxe6 $14 14. Ng5 a5) 14. a5 $16 Na8 15. e5 dxe5 16. Qxd8 (16. Nxe5 Bb7 $16) 16... Rxd8 17. Nxe5 {[%emt 0:00:06] [#] aiming for Nc6.} Bb7 {[%emt 0:08:57] Against Nc6} 18. Bg5 Nc7 19. Rb3 Ncd5 {[%emt 0:14:31] [#]} 20. Nxd5 (20. Na4 $142 $1) 20... exd5 21. Rb6 {[%emt 0:01:41] Prevents c4. White has more active pieces.} (21. Re1 $16) 21... Re8 $1 $11 22. Bf4 (22. Bxf6 {simplifies} Bxf6 23. Rxf6 Rxe5 24. Bg4) 22... g5 23. Bg3 {[%emt 0:05:49][%cal Oe2f3] And now Bf3! would win.} Ne4 24. Nd7 Nxg3 $2 (24... Rbd8 $1 $11 {and Black has nothing to worry.} 25. Rxb7 Nxg3 26. hxg3 Rxe2) 25. hxg3 $18 Rbd8 26. Bh5 (26. Nxc5 Rxe2 27. Rxb7 (27. Nxb7 Rf8 $15) 27... Bd4 28. Nxa6 Rd6 $11) 26... Re7 27. Nxc5 Bc8 28. b4 (28. Rb8 $18) 28... Bf5 (28... g4 $16) 29. Bd1 (29. Rxa6 $18 {Black must now prevent g4.} Bc3 30. Rb6) 29... Bc3 (29... Bd4 $16 {keeps fighting.}) 30. g4 (30. Rxa6 Bxb4 31. Rf6 Rf8 $11) (30. Nxa6 $2 Bd3 31. Nb8 Bxf1 $19) 30... Bg6 31. Bb3 (31. Nxa6 $2 Bd3 $19) (31. Rxa6 Bxb4 32. Ne6 Rde8 $17) 31... Kh8 32. Ne6 (32. Rxa6 Bxb4 33. Ne6 Rde8 $11) 32... Rdd7 (32... Rde8 $142) 33. Nc5 (33. Rxa6 Ra7 34. Rb6 Bxb4 $18) (33. Nxg5 d4 34. f4 Bd2 $18) 33... Rd8 34. Ne6 $2 (34. Rxa6 Bxb4 35. Ne6 Rde8 $15) (34. Rd1) 34... Rdd7 $1 35. Rb8+ (35. Rxa6 Ra7 36. Rb6 Bxb4 $18) (35. Nxg5 d4 36. f4 Bd2 $18) (35. Rc1 $18 {has better winning chances.} d4 36. Rxa6) 35... Re8 $16 36. Rb6 (36. Rxe8+ $16 Bxe8 37. Nxg5) 36... Ree7 $1 $18 {[%emt 0:02:19] White leaves nothing to chance now.} 37. Ba4 (37. Rxa6 Ra7 38. Rb6 Bxb4 $18) (37. Nxg5 d4 38. f4 Bd2 $18) 37... Rb7 {[%emt 0:01:44] Hoping for ...Rxb6.} 38. Rxa6 Rb8 {[%emt 0:00:48] Inhibits Ra8.} 39. Rd1 {[%emt 0:01:12] Inhibits Bd3.} ({And not} 39. Nxg5 Bd3 40. Rc6 Bxf1 41. Rxc3 Rxb4 $15) 39... Be8 $2 (39... Bxb4 40. Nxg5 Bc5) 40. Bxe8 Rbxe8 41. Nxg5 Re1+ 42. Rxe1 Rxe1+ {[%emt 0:00:03][%mdl 4096] Endgame KRB-KRN} 43. Kh2 Bxb4 44. Ra7 Ra1 45. a6 ({Not} 45. Nxh7 Rxa5 46. Rd7 Ra6 $18) 45... h6 46. Ne6 Bc3 $2 (46... Be1 47. Kg3 Ra3+ 48. Kf4 Bxf2 49. Ra8+ Kh7) 47. f4 {[%emt 0:02:00] Threatens to win with g5. White is clearly winning.} Kg8 (47... Ra3 $142 48. Ra8+ Kh7) 48. g5 hxg5 49. Nxg5 (49. fxg5 $142 Be5+ 50. Kh3) 49... d4 (49... Bf6 $142 50. Kg3 d4) 50. Ne4 Bb2 51. Rb7 Bc1 52. a7 Bxf4+ 53. g3 Be5 54. Rb8+ {[%emt 0:00:16] Weighted Error Value: White=0.76/Black=0.43} 1-0

[Event "FIDE WSCC 50 2022"]
[Site "Assisi"]
[Date "2022.11.24"]
[Round "9.7"]
[White "Arakhamia-Grant, Ketevan"]
[Black "Novik, Maxim"]
[Result "0-1"]
[ECO "B42"]
[WhiteElo "2327"]
[BlackElo "2412"]
[Annotator "TA"]
[PlyCount "62"]
[EventDate "2022.11.14"]
[EventType "swiss"]
[EventCountry "ITA"]
[SourceTitle "playchess.com"]
[Source "ChessBase"]
[SourceQuality "1"]
[TimeControl "40/5400+30:1800+30"]

1. e4 c5 2. Nf3 e6 3. d4 cxd4 4. Nxd4 a6 5. Bd3 Bc5 6. Nb3 Ba7 7. Nc3 Nc6 8. Qe2 d6 9. Be3 b5 10. O-O Nf6 11. f4 {[%emt 0:05:23] B42: Sicilian: Kan Variation: 5 Bd3.} Bxe3+ 12. Qxe3 b4 {[%emt 0:02:36] Against e5} 13. Na4 {[%emt 0:07:24] [#] The position is equal.} e5 $146 ({Predecessor:} 13... O-O 14. e5 Nd5 15. Qe4 g6 16. Nd2 a5 17. Nc4 dxe5 18. fxe5 Ba6 19. Rad1 Bb5 {0-1 (39) Abrahamyan,T (2201)-Yudasin,L (2558) Los Angeles 2003}) 14. h3 ({But not} 14. Nb6 $2 Ng4 15. Qg3 Qxb6+ $19) 14... Rb8 {[%emt 0:02:56] Against Nb6} 15. a3 O-O 16. f5 (16. axb4 $11 Rxb4 17. f5) 16... Bd7 17. axb4 Nxb4 18. Nc3 Bc6 19. Na5 Ba8 20. Nc4 Re8 {[%emt 0:01:56] Threatens to win with ...d5.} 21. Qg3 Qc7 (21... Nh5 $5 22. Qg4 Nf6 $11) 22. Ne3 (22. b3 $11) 22... Nxd3 $17 23. cxd3 Rxb2 24. Rfc1 {[%emt 0:00:14] [#] Hoping for Ncd1.} Qa7 $1 25. Kh2 Qd4 ({Black should try} 25... Nh5 $17 26. Qf3 Nf4) 26. Nc4 (26. Qe1 $11 {remains equal.}) 26... Rb3 {[%emt 0:01:29][%cal Bb2b3,Bb3c3,Bc3d3,Bd3g3,Bg3e3][%mdl 32] Black is more active.} 27. Rxa6 (27. Ne2 $17 Qxd3 28. Nxd6) 27... Rxc3 $19 28. Rxd6 $2 {[%emt 0:00:26] [#]} (28. Rxc3 {nothing else works.} Qxc3 29. Nxd6) 28... Qxc4 $1 {[%emt 0:03:25] Black is clearly winning.} 29. Rxf6 Rxd3 30. Rxc4 Rxg3 31. Ra6 Re3 {[%emt 0:00:18] Weighted Error Value: White=0.44/Black=0.11 (very precise)} 0-1

[Event "FIDE WSCC 50 2022"]
[Site "Assisi"]
[Date "2022.11.24"]
[Round "9.8"]
[White "Young, Angelo"]
[Black "Antonio, Rogelio Jr"]
[Result "1/2-1/2"]
[ECO "D13"]
[WhiteElo "2309"]
[BlackElo "2397"]
[Annotator "TA"]
[PlyCount "25"]
[EventDate "2022.11.14"]
[EventType "swiss"]
[EventCountry "ITA"]
[SourceTitle "playchess.com"]
[Source "ChessBase"]
[SourceQuality "1"]
[TimeControl "40/5400+30:1800+30"]

1. d4 d5 2. c4 c6 3. cxd5 cxd5 4. Nc3 Nc6 5. Nf3 Nf6 6. Bf4 a6 7. e3 {[%emt 0:00:10] 7.Rc1 is the hot move.} Bf5 8. Bd3 {[%emt 0:00:10] The position is equal.} Bxd3 {[%emt 0:00:05] D13: Slav Defence: Exchange variation without ...Bf5.} 9. Qxd3 e6 10. Rc1 Bd6 11. Bxd6 Qxd6 {[%emt 0:00:07] [#] Not much happened in this game.   Weighted Error Value: White=0.06 (flawless) /Black=0.02 (flawless)} {Predecessor:} 12. O-O $146 O-O 13. a3 {½-½ (13) Bruzon Batista,L (2673)-Ortiz Suarez,I (2551) Aguascalientes 2018} 1/2-1/2

[Event "FIDE WSCC 50 2022"]
[Site "Assisi"]
[Date "2022.11.24"]
[Round "9.9"]
[White "Krizsany, Laszlo"]
[Black "Mantovani, Renzo"]
[Result "1/2-1/2"]
[ECO "D59"]
[WhiteElo "2371"]
[BlackElo "2246"]
[Annotator "TA"]
[PlyCount "59"]
[EventDate "2022.11.14"]
[EventType "swiss"]
[EventCountry "ITA"]
[SourceTitle "playchess.com"]
[Source "ChessBase"]
[SourceQuality "1"]
[TimeControl "40/5400+30:1800+30"]

1. d4 Nf6 2. c4 e6 3. Nf3 d5 4. Nc3 Be7 5. Bg5 O-O 6. e3 h6 7. Bh4 b6 8. cxd5 Nxd5 9. Bxe7 Qxe7 10. Nxd5 exd5 11. Rc1 Be6 12. Qa4 c5 13. Qa3 Rc8 14. b3 {[%emt 0:06:43] [#] D59: Queen's Gambit Declined: Tartakower Defence: Main line (8 cxd5 Nxd5).} a5 $146 ({Predecessor:} 14... a6 15. Be2 Nd7 16. O-O Qf8 17. Rfd1 Nf6 18. Qb2 Qe7 19. Ne5 Qa7 20. Bf3 Rc7 21. Nd3 Rd8 {½-½ (75) Reisel,F (2076)-Gunis,J (2061) Slovakia 2007}) 15. Bb5 Nc6 16. Bxc6 Rxc6 17. dxc5 bxc5 18. O-O Qc7 19. Qa4 Rc8 20. Rc3 Qb6 (20... Qb7 $5 ) 21. a3 {[%emt 0:11:24] Inhibits Qb4.} R6c7 {[%emt 0:04:08][%cal Od5d4,Bc6c7,Bc7a7,Ba7a4][%mdl 32] [#] ...d4! is the strong threat.} (21... Rd6 {simplifies} 22. Qf4 Rcd8 23. b4 cxb4 24. axb4 Qxb4 25. Qxb4 axb4 26. Rb3 Rb6) 22. Qf4 {[%emt 0:04:17] Prevents d4.} a4 23. bxa4 Ra7 24. Rfc1 c4 (24... Ra5 $5) 25. Nd4 Rxa4 26. Qe5 Qc7 {[%emt 0:04:02] Prevents e4.} (26... Re8 $15 {might be stronger.}) 27. Qxc7 $11 {[%emt 0:02:14] The position is equal.} Rxc7 28. e4 Rca7 29. exd5 Bxd5 30. Nc2 {[%emt 0:00:17] Weighted Error Value: White=0.08 (flawless) /Black=0.09 (flawless)} 1/2-1/2

[Event "FIDE WSCC 50 2022"]
[Site "Assisi"]
[Date "2022.11.24"]
[Round "9.10"]
[White "Prie, Eric"]
[Black "Tereladze, Sopio"]
[Result "0-1"]
[ECO "D02"]
[WhiteElo "2356"]
[BlackElo "2154"]
[Annotator "TA"]
[PlyCount "116"]
[EventDate "2022.11.14"]
[EventType "swiss"]
[EventCountry "ITA"]
[SourceTitle "playchess.com"]
[Source "ChessBase"]
[SourceQuality "1"]
[TimeControl "40/5400+30:1800+30"]

1. d4 Nf6 2. Bf4 e6 3. e3 d5 4. Nd2 Bd6 5. Bg3 Qe7 6. Ngf3 c5 7. c3 Nc6 8. Ne5 O-O 9. Bd3 Bxe5 (9... Qc7 {with more complications.} 10. f4 b6 11. Bh4 Be7) 10. dxe5 {[%emt 0:00:00] D02: 1 d4 d5 2 Nf3 sidelines, including 2...Nf6 3 g3 and 2...Nf6 3 Bf4.} Nd7 11. f4 {[%emt 0:00:00] 11.f4 scores better than 11.Nf3.} (11. Qh5 g6 12. Qe2 Ndxe5 $17) 11... f5 {[%emt 0:02:26] Inhibits e4.} 12. Nf3 {[%emt 0:00:00] White is slightly better.} c4 13. Bc2 b5 14. Bh4 Qe8 {[%emt 0:11:20] [#]} 15. h3 $146 ({Predecessor:} 15. g4 fxg4 16. Ng5 h6 17. Qxg4 Ndxe5 18. fxe5 Nxe5 19. Qg3 Qh5 20. Bd1 Nd3+ 21. Kd2 {1-0 (32) Alvarez Fernandez,E (2366)-Trepat Herranz,J (2305) San Sebastian 2010}) 15... Nc5 16. g4 {[%emt 0:00:00] aiming for gxf5.} Ne4 17. gxf5 exf5 18. O-O (18. Bxe4 {simplifies} dxe4 19. Nd4 Rb8 20. Nxc6 Qxc6 21. Be7) 18... Be6 19. Kh2 Qh5 (19... h6 $11) 20. Qe1 (20. Rg1 {feels hotter.} Rae8 21. Rg2 Kh8 22. Be1) 20... Rab8 21. Bd1 (21. Ng5 $5 Bc8 22. Rg1 $11) 21... Qf7 22. Rg1 (22. Ng5 $5 Qd7 23. a3 $11) 22... Rb6 23. a3 a5 24. Rg2 b4 25. axb4 axb4 26. Ng5 Nxg5 27. Bxg5 Kh8 28. Qh4 {[%emt 0:00:00] Threatens to win with Bh5.} bxc3 29. bxc3 {[%emt 0:00:00] Hoping for Bh5.} Qd7 (29... Rfb8 $14) 30. Ba4 (30. Bh5 $1 $16) 30... d4 $1 $14 31. exd4 (31. cxd4 Bd5 32. Rf2 Ra8 $11) 31... Bd5 $1 32. Rga2 Rfb8 {[%emt 0:03:48] And now ...Rb2+ would win.} 33. Qf2 {[%emt 0:00:00] Against Rb2} h6 34. Bh4 Qb7 35. Qe1 (35. Qe2 $11) 35... Be4 {[%emt 0:05:43] Black is more active.} (35... Rb2+ $17 36. Bf2 Qf7) 36. Bf2 {[%emt 0:00:00][%cal Od4d5] Black must now prevent d5!} Ne7 {[%emt 0:02:26] ...Rb2 is the strong threat.} 37. Bc2 Bxc2 38. Rxc2 (38. Ra7 $2 Qf3 $1 39. Qe3 Qxe3 40. Bxe3 Nd5 $19) 38... Nd5 39. Be3 Rb2 40. Ra2 Rb1 41. Rc1 Rb2+ 42. Rxb2 $2 {[%emt 0:00:00] White is on the road to losing.} (42. Rc2 $1 $11 {and White has nothing to worry.} Rxa2 43. Rxa2) 42... Qxb2+ $19 43. Kg1 (43. Kh1 $142) 43... Rb6 $1 44. Bd2 $2 (44. e6 Rxe6 45. Qf2) 44... Rg6+ 45. Kf1 {[%emt 0:00:00] [#]} Nxf4 $1 46. Qe3 {[%emt 0:00:00] [#]} (46. d5 Nxh3) 46... Nxh3 $1 47. e6 f4 48. Qxh3 Qxd2 {[%emt 0:00:07][%mdl 4096] Endgame KQR-KQR} 49. Re1 Rg3 50. Qh1 Qd3+ (50... Qxc3 51. Qa8+ Kh7 52. Qe4+ g6 53. Qb7+ Kh8 54. Qc8+ Kh7 55. Qd7+ Kh8 56. Qe8+ Kh7 57. Qf7+ Kh8 58. Qf8+ Kh7 59. Qf7+ Kh8 60. Qf8+ Kh7 61. Qf7+ $11) 51. Kf2 {[%emt 0:00:18] [#]} Re3 $1 {[%emt 0:00:55] ( -> ...Qd2+)} (51... Qxc3 52. Qa8+ Kh7 53. Qe4+ g6 54. Qb7+ Kh8 55. Qc8+ Kh7 56. Qd7+ Kh8 57. Qe8+ Kh7 58. Qf7+ Kh8 59. Qf8+ Kh7 60. Qf7+ Kh8 61. Qf8+ Kh7 62. Qf7+ $11) 52. Rxe3 Qxe3+ {[%emt 0:00:25] KQ-KQ. Black mates.} 53. Kf1 Qc1+ ({And not} 53... Qxc3 54. Qa8+ Kh7 55. Qe4+ Kg8 56. e7 (56. Qxf4 $2 {perishes.} Qh3+ 57. Ke2 Qxe6+ 58. Kd1 g5 $19) 56... Qh3+ 57. Kg1 Qg4+ 58. Kh2 Qh5+ 59. Kg2 Qg4+ 60. Kh2 Qh5+ 61. Kg2 Qg4+ 62. Kf2 Qg3+ 63. Kf1 Qh3+ 64. Ke1 Qg3+ 65. Kd1 Qb3+ 66. Ke1 Qg3+ 67. Kf1 Qh3+ $11) 54. Kg2 f3+ 55. Kh2 Qxh1+ 56. Kxh1 Kg8 57. d5 Kf8 58. Kh2 {[%emt 0:00:18] [#]} g5 $1 {[%emt 0:00:01] Weighted Error Value: White=0.80/Black=0.17 (very precise)} ({Weaker is} 58... Ke7 59. Kg3 $11) 0-1